 Dungeon Crawl Stone Soup version 0.26-a0-935-g3624241d3c (webtiles) character file.

Game seed: 4896145709762015830

21140 melchizedek the Geomancer (level 12, -6/96 HPs)
             Began as a Deep Dwarf Earth Elementalist on Nov 14, 2020.
             Was a Priest of Elyvilon.
             Mangled by a minotaur
             ... wielding an uncursed staff of earth
              (10 damage)
             ... in a Gauntlet on Nov 27, 2020.
             The game lasted 02:09:35 (21320 turns).

melchizedek the Geomancer (DDEE)                   Turns: 21320, Time: 02:09:36

Health: -6/96      AC: 14    Str: 14    XL:     12   Next: 51%
Magic:  14/21      EV: 19    Int: 24    God:    Elyvilon [***...]
Gold:   799        SH:  0    Dex: 12    Spells: 7/24 levels left

rFire    + . .     SeeInvis .   a - +8 short sword (elec)
rCold    . . .     Faith    +   (no shield)
rNeg     . . .     Spirit   .   N - +1 robe "Fuoth" {rC- Int+4 Dex-2 Slay+5}
rPois    +         Reflect  .   (helmet restricted)
rElec    +         Harm     .   F - +2 cloak {rPois}
rCorr    +         Rampage  .   Z - +1 pair of gloves of Dodghul {Str+2}
MR       +....     NoTele   +   w - +0 pair of boots
Stlth    ++++......             V - amulet of faith
HPRegen  0.00/turn              l - +4 ring of evasion
MPRegen  0.17/turn              d - +4 ring of protection

@: mighty, resistant, non-regenerating, invisible
A: damage resistance, heal wounds, horns 1, sense surroundings 2, electricity
resistance, no regeneration
a: Heal Wounds, Lesser Healing, Heal Other, Purification, Divine Protection,
Renounce Religion


You were in a Gauntlet.
You worshipped Elyvilon.
Elyvilon was most pleased with you.
You visited 5 branches of the dungeon, and saw 21 of its levels.
You visited the Abyss 1 time.
You also visited: Gauntlet.

You collected 1171 gold pieces.
You spent 372 gold pieces at shops.

Inventory:

Hand Weapons
 a - a +8 short sword of electrocution (weapon)
 b - a +2 short sword of venom
 g - a +1 rapier of venom
 S - a +1 short sword of holy wrath
Missiles
 p - 53 stones (quivered)
Armour
 q - +0 steam dragon scales
 w - a +0 pair of boots (worn)
 x - a scarf of repulsion
 F - a +2 cloak of poison resistance (worn)
 G - a +3 leather armour of positive energy
 N - the +1 robe "Fuoth" (worn) {rC- Int+4 Dex-2 Slay+5}
   (You found it on level 3 of the Lair of Beasts)

   It affects your intelligence (+4).
   It affects your dexterity (-2).
   It affects your accuracy and damage with ranged weapons and melee attacks
   (+5).
   It makes you vulnerable to cold.
 T - a +2 ring mail of cold resistance
 Z - the +1 pair of gloves of Dodghul (worn) {Str+2}
   (You found it in a Gauntlet)

   It affects your strength (+2).
Magical Staves
 Y - an uncursed staff of poison
Jewellery
 d - a +4 ring of protection (right hand)
 h - a +6 ring of dexterity
 l - a +4 ring of evasion (left hand)
 t - a +4 ring of evasion
 D - an uncursed amulet of magic regeneration
 H - an uncursed ring of ice
 J - an uncursed ring of protection from cold
 O - a +6 ring of intelligence
 Q - an uncursed ring of wizardry
 U - a cursed ring of ice
 V - an amulet of faith (around neck)
Wands
 j - a wand of paralysis (7)
 k - a wand of iceblast (6)
 r - a wand of flame (40)
 z - a wand of acid (4)
 M - a wand of disintegration (32)
Scrolls
 c - 4 scrolls of enchant armour
 f - 2 scrolls of fog
 n - 2 scrolls of teleportation
 y - a scroll of brand weapon
 B - 3 scrolls of remove curse
 K - 2 scrolls of immolation
 P - 3 scrolls of amnesia
 R - 2 scrolls of blinking
 W - 2 scrolls of identify
 X - a scroll of fear
Potions
 e - 5 potions of haste
 m - 9 potions of curing
 u - 3 potions of attraction
 v - 3 potions of brilliance
 A - 2 potions of lignification
 C - 2 potions of flight
 E - a potion of ambrosia


   Skills:
 + Level 2.5 Fighting
 * Level 5.5 Short Blades
 + Level 4.6 Armour
 + Level 5.7 Dodging
 - Level 10.0 Stealth
 * Level 6.7 Spellcasting
 * Level 5.7 Conjurations
 * Level 3.6 Hexes
 + Level 1.1 Transmutations
 - Level 14.4 Earth Magic
 + Level 9.4 Invocations
 - Level 0.1 Evocations


You had 7 spell levels left.
You knew the following spells:

 Your Spells              Type           Power        Failure   Level
a - Sandblast             Erth           ######       1%          1
b - Passwall              Tmut/Erth      #####...     1%          2
c - Stone Arrow           Conj/Erth      ######       1%          3
d - Lee's Rapid Deconstr  Erth           ######....   1%          5
e - Slow                  Hex            ####....     2%          2
f - Cause Fear            Hex            ####......   16%         4

Your spell library contained the following spells:

 Spells                   Type           Power        Failure   Level
 Corona                   Hex            ####...      1%          1
 Leda's Liquefaction      Hex/Erth       ######....   1%          4
 Petrify                  Tmut/Erth      #####...     3%          4
 Inner Flame              Hex/Fire       ###.....     11%         3
 Portal Projectile        Hex/Tloc       ###...       11%         3


Dungeon Overview and Level Annotations

Branches:
Dungeon (13/15)            Temple (1/1) D:5            Lair (6/6) D:8
 Shoals (0/4) Lair:3       Spider (1/4) Lair:2        Slime (0/5) Lair:6
    Orc (1/2) D:10        Gauntlet (1/1)
 Vaults: D:13-14

Altars:
Ashenzari
Cheibriados
Dithmenos
Elyvilon
Fedhas
Gozag
Hepliaklqana
Kikubaaqudgha
Makhleb
Nemelex Xobeh
Okawaru
Qazlal
Ru
Sif Muna
Trog
Uskayaw
Vehumet
Wu Jian
Xom
Yredelemnul
Zin
The Shining One
Beogh

Shops:
D:5 *   D:6 :

Annotations:
D:3 2 transporters, Dittersdorf's ghost, amateur GrFi
Lair:6 Nessos Gauntlet 8 transporters, 2 runed translucent doors


Innate Abilities, Weirdness & Mutations

You are resistant to damage.
You can heal yourself by infusing magical energy.
You passively map the area around you.
You do not regenerate.
You have a pair of small horns on your head.
You are resistant to electric shocks. (rElec)


Message History

The minotaur is heavily wounded.
You hit the minotaur but do no damage.
You headbutt the minotaur, but do no damage.
The minotaur is heavily wounded.
The minotaur hits you but does no damage.
The minotaur gores you but does no damage.
The minotaur blocks your attack.
The minotaur is heavily wounded.
The minotaur hits you with an uncursed staff of earth!!
* * * LOW HITPOINT WARNING * * *
The minotaur barely misses you.
Casting: Stone Arrow (safe; 1% risk of failure)
Confirm with . or Enter, or press ? or * to list all spells.
Aiming: Lee's Rapid Deconstruction (mildly dangerous; 1% risk of failure)
Press: ? - help, Dir - move target, p - minotaur A metal wall.
Okay, then.
You fade into invisibility!
The minotaur hits you with an uncursed staff of earth!
You die...

... * ###.### ..(..
#######'####### #...(.(.H.....#
#.###.###.###.# #.###.###.###.#
#.....(.......# ###.###@###.###
###(###H###.### #...........(.#
##...©.©.©...##
############......(..############
#§#§#§#§#≈#############≈#≈#≈#≈#≈#
..............8.∩.8..............
§................................
..#########.#########.#########..


You could see a minotaur.

Vanquished Creatures
  2 hydras
  Erolcha (D:10)
  A two-headed ogre (D:10)
  A sixfirhy (Gauntlet)
  2 wolf spiders
  An orb spider (Spider:1)
  An ugly thing (D:11)
  A cyclops (D:11)
  2 centaur zombies
  4 black mambas
  5 cane toads
  A rime drake (Lair:3)
  5 komodo dragons
  2 trolls (D:10)
  4 blink frogs (Lair:2)
  A raiju (Gauntlet)
  A tarantella (Spider:1)
  12 yaks
  A redback (Lair:2)
  A wyvern (D:11)
  A basilisk (Lair:4)
  A steam dragon (Gauntlet)
  A warg (D:10)
  2 acid dragons (D:11)
  A soldier ant (D:11)
  6 water moccasins
  2 ice beasts (D:7)
  11 orc warriors
  2 sky beasts
  4 black bears
  2 necrophages
  2 phantoms
  4 ogres
  5 centaurs
  A big kobold (D:9)
  9 bullfrogs
  A gnoll sergeant (D:7)
  6 scorpions
  4 killer bees (D:8)
  13 wights
  8 howler monkeys
  3 hounds
  A bullfrog skeleton (D:13)
  2 jellies (D:10)
  Crazy Yiuf (D:2)
  5 orc priests
  5 orc wizards
  3 centaur skeletons
  2 iguanas
  4 worker ants
  A hound zombie (D:6)
  3 worker ant zombies
  4 gnolls (D:7)
  7 adders
  A shadow imp (D:6)
  2 white imps
  6 ufetubi
  2 oozes
  3 worms
  A dart slug (D:4)
  7 leopard geckos
  62 orcs
  3 ball pythons
  9 bats
  8 giant cockroaches
  5 goblins
  8 hobgoblins
  27 jackals
  7 quokkas
  6 frilled lizards
  A jackal skeleton (D:4)
  13 kobolds
  2 quokka skeletons (D:4)
  5 rats
354 creatures vanquished.

Vanquished Creatures (others)
  13 fungi
  11 plants
  2 starspawn tentacles (Abyss:2)
  3 toadstools (D:4)
29 creatures vanquished.

Grand Total: 383 creatures vanquished

Notes
Turn   | Place    | Note
-------+----------+-------------------------------------------
     0 | D:1      | melchizedek the Deep Dwarf Earth Elementalist began the
                  | quest for the Orb.
     0 | D:1      | Reached XP level 1. HP: 15/15 MP: 3/3
    10 | D:1      | Upgraded the game from 0.26-a0-818-g75db068ed4 to
                  | 0.26-a0-863-g3bff4b215c
   295 | D:1      | Reached XP level 2. HP: 22/22 MP: 5/5
  1712 | D:2      | Reached skill level 5 in Earth Magic
  1712 | D:2      | Reached XP level 3. HP: 26/28 MP: 3/6
  2517 | D:2      | Reached XP level 4. HP: 34/36 MP: 5/7
  2590 | D:2      | Learned a level 2 spell: Passwall
  2594 | D:2      | Learned a level 3 spell: Stone Arrow
  2905 | D:2      | Found a runed translucent door.
  2906 | D:2      | Noticed Crazy Yiuf
  3221 | D:3      | Noticed an ogre
  3395 | D:3      | Found a transporter.
  3400 | D:3      | Found a transporter.
  3401 | D:3      | Noticed Dittersdorf's ghost (amateur GrFi)
  3528 | D:3      | Noticed a water moccasin
  3543 | D:3      | Killed a water moccasin
  3544 | D:3      | Reached skill level 6 in Earth Magic
  3544 | D:3      | Reached XP level 5. HP: 33/42 MP: 1/9
  4322 | D:3      | Killed an ogre
  4323 | D:3      | Reached skill level 7 in Earth Magic
  4323 | D:3      | Reached XP level 6. HP: 38/49 MP: 8/10
  5088 | D:4      | Found a basalt altar of Yredelemnul.
  5100 | D:4      | Reached skill level 8 in Earth Magic
  5376 | D:5      | Entered Level 5 of the Dungeon
  5562 | D:5      | Found Fyjyti's Assorted Antiques.
  5580 | D:5      | Bought a scroll labelled AMYOBY FUATHI for 24 gold pieces
  5580 | D:5      | Bought a pair of runed boots for 180 gold pieces
  5580 | D:5      | Bought a scroll labelled YRGHAO SOLIOKHLA for 24 gold
                  | pieces
  5755 | D:5      | Learned a level 5 spell: Lee's Rapid Deconstruction
  5758 | D:5      | Found a staircase to the Ecumenical Temple.
  5767 | Temple   | Entered the Ecumenical Temple
  5867 | Temple   | Became a worshipper of Elyvilon the Healer
  6337 | D:5      | Reached * piety under Elyvilon
  6826 | D:6      | Reached skill level 1 in Invocations
  6971 | D:6      | Noticed an orc warrior
  6979 | D:6      | Killed an orc warrior
  6980 | D:6      | Reached XP level 7. HP: 38/55 MP: 7/12
  7134 | D:6      | Reached skill level 9 in Earth Magic
  7266 | D:6      | Found Zicath's Book Emporium.
  7409 | D:6      | Reached skill level 5 in Stealth
  7506 | D:6      | Found a bloodstained altar of Trog.
  7712 | D:2      | Learned a level 2 spell: Slow
  7720 | D:2      | Killed Crazy Yiuf
  8109 | D:7      | Reached ** piety under Elyvilon
  8113 | D:7      | Reached XP level 8. HP: 52/62 MP: 12/14
  8455 | D:7      | Reached skill level 1 in Armour
  8584 | D:8      | Found a staircase to the Lair.
  8835 | D:8      | Found a radiant altar of Vehumet.
  8865 | D:8      | Reached skill level 10 in Earth Magic
  9303 | D:7      | Gained mutation: You passively map the area around you.
                  | [Deep Dwarf growth]
  9303 | D:7      | Reached XP level 9. HP: 62/68 MP: 12/15
  9380 | D:7      | Reached skill level 11 in Earth Magic
  9380 | D:7      | Reached skill level 5 in Invocations
  9515 | D:5      | Bought a wand of flame (15) for 24 gold pieces
  9515 | D:5      | Bought a glowing leather armour for 120 gold pieces
  9953 | D:9      | Found a roughly hewn altar of Beogh.
 10232 | D:9      | Found an ornate altar of the Wu Jian Council.
 10236 | D:9      | Found a shimmering altar of Xom.
 10236 | D:9      | Found an ancient bone altar of Kikubaaqudgha.
 10247 | D:9      | Found a hide-covered altar of Uskayaw.
 10251 | D:9      | Found a broken altar of Ashenzari.
 10362 | D:9      | Reached skill level 1 in Conjurations
 10464 | D:9      | Reached *** piety under Elyvilon
 10711 | D:9      | Reached skill level 1 in Short Blades
 11427 | D:9      | Reached skill level 1 in Transmutations
 11596 | Lair:1   | Entered Level 1 of the Lair of Beasts
 11644 | Lair:1   | Reached skill level 12 in Earth Magic
 11655 | Lair:1   | Noticed a cane toad
 11658 | Lair:1   | Noticed a four-headed hydra
 11681 | D:8      | Killed a cane toad
 11766 | D:10     | Entered Level 10 of the Dungeon
 11769 | D:10     | Found a staircase to the Orcish Mines.
 11781 | D:10     | Reached XP level 10. HP: 70/76 MP: 6/16
 11995 | D:10     | Reached skill level 1 in Fighting
 12006 | D:10     | Noticed a two-headed ogre
 12017 | D:10     | Killed a two-headed ogre
 12380 | D:10     | Reached skill level 13 in Earth Magic
 12686 | D:10     | Noticed Erolcha
 13092 | D:10     | Cast into level 1 of the Abyss (Erolcha)
 13115 | Abyss:1  | Noticed a thrashing horror
 13161 | Abyss:1  | Noticed a large abomination
 13173 | Abyss:1  | Found a corrupted altar of Lugonu.
 13187 | Abyss:1  | Noticed a rakshasa
 13198 | Abyss:2  | Found a corrupted altar of Lugonu.
 13201 | Abyss:2  | Noticed a tentacled starspawn
 13232 | Abyss:2  | Noticed a thrashing horror
 13289 | D:10     | Escaped the Abyss
 13788 | D:11     | Reached **** piety under Elyvilon
 13843 | D:11     | Noticed an orc knight
 14311 | D:11     | Reached XP level 11. HP: 84/85 MP: 12/16
 14642 | D:10     | Gained mutation: You are dopey. (Int -2) [potion of
                  | mutation]
 14642 | D:10     | Gained mutation: You are agile. (Dex +2) [potion of
                  | mutation]
 14643 | D:10     | Lost mutation: You are dopey. (Int -2) [potion of mutation]
 14643 | D:10     | Lost mutation: You are agile. (Dex +2) [potion of mutation]
 14643 | D:10     | Gained mutation: You are resistant to electric shocks.
                  | (rElec) [potion of mutation]
 14643 | D:10     | Gained mutation: You have a pair of small horns on your
                  | head. [potion of mutation]
 14736 | D:11     | Reached skill level 14 in Earth Magic
 15320 | D:11     | Reached skill level 1 in Hexes
 15348 | D:12     | Noticed a red ugly thing
 15494 | D:11     | Upgraded the game from 0.26-a0-863-g3bff4b215c to
                  | 0.26-a0-935-g3624241d3c
 15703 | D:11     | Killed a red ugly thing
 15796 | D:13     | Reached skill level 5 in Dodging
 15831 | D:13     | Noticed a centaur warrior
 15939 | D:10     | Killed Erolcha
 16008 | Orc:1    | Entered Level 1 of the Orcish Mines
 16008 | Orc:1    | Noticed an ettin
 16138 | Lair:1   | Killed a four-headed hydra
 16820 | Lair:2   | Reached skill level 5 in Spellcasting
 17642 | Lair:2   | Reached XP level 12. HP: 87/93 MP: 1/19
 17852 | Lair:2   | Noticed a seven-headed hydra
 17858 | Lair:2   | Killed a seven-headed hydra
 17859 | Lair:2   | Reached skill level 5 in Conjurations
 18004 | Lair:2   | Found a hole to the Spider Nest.
 18189 | Spider:1 | Entered Level 1 of the Spider Nest
 18204 | Spider:1 | Reached skill level 5 in Short Blades
 18370 | Lair:2   | HP: 2/93 [wolf spider (14)]
 18375 | Lair:2   | Reached skill level 10 in Stealth
 18638 | Lair:3   | Found a staircase to the Shoals.
 18749 | Lair:2   | Learned a level 4 spell: Cause Fear
 19210 | Lair:3   | Got a heavily jewelled robe
 19221 | Lair:3   | Identified the cursed +1 robe "Fuoth" {rC- Int+4 Dex-2
                  | Slay+5} (You found it on level 3 of the Lair of Beasts)
 20446 | Lair:4   | You fall into a shaft and drop 2 floors!
 20446 | Lair:6   | Entered Level 6 of the Lair of Beasts
 20447 | Lair:6   | Noticed a five-headed hydra
 20450 | Lair:6   | Noticed a death yak
 20452 | Lair:6   | Noticed a death yak
 20454 | Lair:6   | Found a gate leading to a gauntlet.
 20454 | Lair:6   | Noticed Nessos
 20524 | Gauntlet | Entered a Gauntlet
 20524 | Gauntlet | Found a transporter.
 20524 | Gauntlet | Found a transporter.
 20530 | Gauntlet | Found a transporter.
 20542 | Gauntlet | Found a transporter.
 20561 | Gauntlet | Found a transporter.
 20561 | Gauntlet | Found a transporter.
 20561 | Gauntlet | Found a transporter.
 20564 | Gauntlet | Found a transporter.
 20564 | Gauntlet | Found a transporter.
 20575 | Gauntlet | Reached ***** piety under Elyvilon
 20578 | Gauntlet | Found a transporter.
 20591 | Gauntlet | Found a transporter.
 20599 | Gauntlet | Found a runed translucent door.
 20600 | Gauntlet | Noticed a death scarab
 20601 | Gauntlet | Found a transporter.
 20603 | Gauntlet | Found a runed translucent door.
 20604 | Gauntlet | Noticed a death scarab
 20616 | Gauntlet | Found a transporter.
 20636 | Gauntlet | Found a transporter.
 20961 | Gauntlet | Got a buzzing mace
 20964 | Gauntlet | Identified the +5 mace "Ocuiclaphe" {drain, Fragile +Fly
                  | Int+9 Dex+7} (You found it in a Gauntlet)
 21077 | Gauntlet | Got a pair of bloodstained gloves
 21084 | Gauntlet | Identified the +1 pair of gloves of Dodghul {Str+2} (You
                  | found it in a Gauntlet)
 21224 | Gauntlet | Noticed a minotaur
 21319 | Gauntlet | HP: 4/96 [minotaur/uncursed staff of earth (20)]
 21320 | Gauntlet | Mangled by a minotaur

Illustrated notes

Levels and vault maps discovered:
D:1:      ncdulo_halloftheorcs, layout_basic
D:2:      layout_loops_corners, chequers_mini_garden, uniq_crazy_yiuf_cottage
D:3:      layout_basic, serial_aquarium, aquarium_bridge_long_separate
          [aquarium_subvault_balcony, aquarium_subvault_bridge,
          aquarium_subvault_window, aquarium_subvault_wall,
          aquarium_subvault_bridge, aquarium_subvault_bridge],
          aquarium_window_fake, aquarium_window_corridor_1, aquarium_view_2b,
          gammafunk_ghost_mausoleum
D:4:      layout_gridville, lemuel_coloured_pillars_altar,
          minmay_gold_behind_fungi
D:5:      layout_layer_cave, minmay_temple_entry_stoned_glass, serial_shops,
          shop_statue
D:6:      layout_rooms, lightli_temple_of_fire, serial_shops,
          kennysheep_little_box, chequers_serial_rivers_micro_b
D:7:      layout_basic
D:8:      layout_rooms, nicolae_overflow_crystal_walls, lair_entry_dummy
D:9:      layout_roguey [special_room_orc], minmay_overflow_temple_star_hex,
          patterned_corridor
D:10:     layout_basic, david_orc_3, uniq_erolcha
D:11:     layout_basic, special_room [special_room_orc]
D:12:     nrook_guardian_serpent_snake_passage, layout_rooms, serial_shops,
          shop, grunt_ministairs_6, elyvilon_altar_1
D:13:     layout_gridville, the_bakery
Temple:   jpeg_temple_clearing
Lair:1:   layout_loops_ring
Lair:2:   layout_gridlike, nicolae_spider_entry_non_spiders,
          infiniplex_staircase_pool_2
Lair:3:   layout_roguey, minmay_shoals_entry_centaurs
Lair:4:   layout_roguey
Lair:6:   hangedman_lair_in_review, layout_misc_corridors,
          dpeg_slime_entry_enclosed_altar, serial_rivers,
          chequers_serial_rivers_small_b, chequers_serial_rivers_small_b,
          chequers_serial_rivers_large_a, chequers_serial_rivers_small_b,
          chequers_serial_rivers_micro_e, chequers_serial_rivers_micro_d,
          gauntlet_entry_generic, st_stairs_13, serial_bayou_shore_b,
          serial_bayou_shore_a, uniq_nessos
Spider:1: layout_spider_delve, drop_trap, nicolae_spider_webs_and_nodes,
          nicolae_spider_circle_web, minmay_another_anthill
Orc:1:    layout_caves, serial_shops, nicolae_shop_stone, shop_statue
Gauntlet: gammafunk_gauntlet_mixed_choke_point [minmay_gauntlet_arena_77_fan,
          minmay_gauntlet_arena_77_mirror, minmay_gauntlet_arena_77_two_paths,
          nicolae_gauntlet_arena_grate_2, minmay_gauntlet_arena_77_shame_cube,
          minmay_gauntlet_arena_77_checkered, minmay_gauntlet_arena_77_box,
          gauntlet_exit_watery]

Skill      XL: |  1  2  3  4  5  6  7  8  9 10 11 12 |
---------------+-------------------------------------+-----
Spellcasting   | 2 3 4 5 6 |  6.7
Earth Magic    | 5 6 7 8 9 10 12 13 14 | 14.4
Stealth        | 3 4 5 6 7 8 9 10 | 10.0
Invocations    | 1 3 4 6 8 9 |  9.4
Armour         | 2 4 |  4.6
Dodging        | 3 4 5 |  5.7
Conjurations   | 2 3 4 5 |  5.7
Short Blades   | 1 3 4 5 |  5.5
Transmutations | 1 |  1.1
Fighting       | 1 2 |  2.5
Hexes          | 2 3 |  3.6
Evocations     | |  0.1

Action                   |  1- 3 |  4- 6 |  7- 9 | 10-12 || total
-------------------------+-------+-------+-------+-------++-------
Melee: Short sword       |    15 |    20 |    73 |   224 ||   332
       Headbutt          |       |       |       |    36 ||    36
Throw: Stone             |       |     3 |       |     1 ||     4
 Cast: Sandblast         |    51 |    74 |   151 |   116 ||   392
       Slow              |       |       |     3 |     2 ||     5
       Lee's Rapid Decon |       |       |     2 |    11 ||    13
       Stone Arrow       |       |       |    39 |   162 ||   201
       Passwall          |       |       |     2 |     3 ||     5
       Cause Fear        |       |       |       |     1 ||     1
Invok: Lesser Healing    |       |       |    13 |    74 ||    87
       Greater Healing   |       |       |       |    11 ||    11
       Purification      |       |       |       |     1 ||     1
 Abil: Heal Wounds       |       |       |       |     6 ||     6
Evoke: Wand              |       |    15 |    30 |    32 ||    77
  Use: Scroll            |     5 |    13 |     8 |    21 ||    47
       Potion            |       |       |     2 |    11 ||    13
 Stab: Sleeping          |       |     1 |       |     7 ||     8
Armor: Robe              |     4 |     5 |       |    35 ||    44
       Leather armour    |       |     4 |    23 |    92 ||   119
       Ring mail         |       |       |       |     3 ||     3
       Skin              |       |       |       |     1 ||     1
Dodge: Dodged            |    18 |    24 |   121 |   277 ||   440

Table legend: (Time is in decaauts)
 A = Elapsed time spent in this place.
 B = Non-inter-level travel time spent in this place.
 C = Inter-level travel time spent in this place.
 D = Time resting spent in this place.
 E = Time spent auto-exploring this place.
 F = Levels seen in this place.
 G = Mean time per level.
                   A        B        C        D        E       F      G
               +--------+--------+--------+--------+--------+-----+--------+
         Total |  21323 |  19893 |   1430 |   5032 |   7746 |  24 |  888.5 |
       Dungeon |  15740 |  14424 |   1316 |   3097 |   7305 |  13 | 1210.8 |
        Temple |    122 |     70 |     52 |      0 |     67 |   1 |  122.0 |
          Lair |   4402 |   4341 |     61 |   1729 |    346 |   5 |  880.4 |
   Spider Nest |     60 |     60 |      0 |     30 |      0 |   1 |   60.0 |
  Orcish Mines |      1 |      1 |      0 |      0 |      0 |   1 |    1.0 |
         Abyss |    206 |    206 |      0 |      0 |      0 |   2 |  103.0 |
      Gauntlet |    789 |    789 |      0 |    176 |     28 |   1 |  789.0 |
               +--------+--------+--------+--------+--------+-----+--------+

Top non-repeatable levels by time:
     D:9: 2208 daAuts
    D:11: 2132 daAuts
  Lair:2: 1769 daAuts
     D:2: 1691 daAuts
     D:1: 1676 daAuts
  Lair:3: 1534 daAuts
    D:10: 1492 daAuts
     D:3: 1293 daAuts
     D:5: 1278 daAuts
     D:7: 1001 daAuts
     D:4: 945 daAuts
     D:6: 938 daAuts
     D:8: 923 daAuts
Gauntlet: 789 daAuts
  Lair:1: 758 daAuts
